 Dungeon Crawl Stone Soup version 0.30-a0-1018-g25214051b3 (webtiles) character file.

Game seed: 17235176206675192696

25 Zeldest the Sneak (level 3, 19/19 HPs)
             Began as a Vine Stalker Delver on Apr 8, 2023.
             Got out of the dungeon alive.
             The game lasted 00:02:31 (430 turns).

Zeldest the Sneak (Vine Stalker Delver)              Turns: 430, Time: 00:02:32

Health: 19/19      AC:  3    Str: 14    XL:     3   Next: 6%
Magic:  4/4        EV: 11    Int: 12    God:
Gold:   42         SH:  0    Dex: 15    Spells: 2/2 levels left

rFire   . . .      SeeInvis .    a - +0 short sword
rCold   + . .      Faith    .    (no shield)
rNeg    . . .      Spirit   +    b - +0 leather armour
rPois   .          Reflect  .    (no helmet)
rElec   .          Rampage  .    (no cloak)
rCorr   .                        (no gloves)
Will    .....                    (no boots)
Stlth   +++                      (no amulet)
HPRegen 0.23/turn                l - ring of protection from cold
MPRegen 0.09/turn                (no ring)

@: no status effects
A: fangs 2, magic shield, antimagic bite, no potion heal 2
a: no special abilities


You escaped.
You visited 1 branch of the dungeon, and saw 5 of its levels.

You collected 42 gold pieces.

Inventory:

Hand Weapons
 a - a +0 short sword (weapon)
Armour
 b - a +0 leather armour (worn)
Jewellery
 h - a ring of ice
 l - a ring of protection from cold (left hand)
Wands
 g - a wand of digging (3)
Scrolls
 c - a scroll of fog
 d - a scroll of magic mapping
 e - a scroll of fear
 j - a scroll of teleportation {unknown}
 k - a scroll of identify {unknown}
 o - a scroll of noise {unknown}
Potions
 f - a potion of haste
 i - a potion of invisibility {unknown}
 m - a potion of curing {unknown}
 n - 2 potions of mutation {unknown}


   Skills:
 + Level 2.8 Fighting
 + Level 2.0 Short Blades
 - Level 1.5 Dodging
 + Level 6.8 Stealth


You had 2 spell levels left.
You didn't know any spells.
Your spell library was empty.

Dungeon Overview and Level Annotations

Branches:
Dungeon (5/15) Zot: 26858
 Temple: D:4-7

Altars:

Annotations:
D:5 1 transporter


Innate Abilities, Weirdness & Mutations

You have extremely sharp teeth.
When hurt, damage is shared between your health and your magic reserves.
Your bite disrupts and absorbs the magic of your enemies.
Potions cannot restore your health.


Message History

You barely miss the kobold. You bite the kobold.
You kill the kobold!
You closely miss the jackal. Your bite misses the jackal.
The jackal barely misses you.
You hit the jackal. You bite the jackal, but do no damage.
The jackal is heavily wounded.
The jackal closely misses you. The jackal bites you.
You closely miss the jackal. You bite the jackal. You drain its power.
You feel invigorated.
The jackal is heavily wounded.
The jackal bites you.
You hit the jackal but do no damage. You bite the jackal, but do no damage.
The jackal is heavily wounded.
The jackal closely misses you.
The giant cockroach waves its antennae.
You closely miss the jackal.
The jackal is heavily wounded.
The jackal barely misses you.
You miss the jackal.
The jackal is heavily wounded.
The jackal closely misses you. The jackal barely misses you.
You hit the jackal.
You kill the jackal!
Your Short Blades skill increases to level 2!
You have reached level 3!
Your experience leads to an increase in your attributes!
Increase (S)trength, (I)ntelligence, or (D)exterity?
You feel clever. x2
You hit the giant cockroach but do no damage.
The giant cockroach barely misses you.
You hit the giant cockroach.
You kill the giant cockroach!
Items here: ( ) ††.
Found a staircase leading out of the dungeon.
There is a staircase leading out of the dungeon here.
Found 8 stones.
You see here 8 stones.
There is a staircase leading out of the dungeon here.
Are you sure you want to leave the Dungeon?
This will make you lose the game!
You have escaped!

######.####
#.........#
#########.###
..........#
###.#####.###
...#...# #####
#.###.# #...#
#.....#
#)#.####+
###.@.###
###.#B.K...
#.....#
#...#h##!..
#.###.#
###.###...h..
#...#...#...#
###.##.
###.#####.###.#
#....
#...........#
###..
###.#########
#.. #........
#.. ####.####
#..


There were no monsters in sight!

Vanquished Creatures
  A worm (D:2)
  A ball python (D:4)
  3 endoplasms
  2 giant cockroaches (D:1)
  3 hobgoblins
  2 jackals (D:1)
  3 quokkas
  3 kobolds
18 creatures vanquished.

Notes
Turn   | Place    | Note
-------+----------+-------------------------------------------
     0 | D:5      | Zeldest the Vine Stalker Delver began the quest for the
                  | Orb.
     0 | D:5      | Reached XP level 1. HP: 11/11 MP: 2/2
     4 | D:5      | Found a transporter.
    40 | D:4      | Noticed an iguana
   125 | D:3      | Reached XP level 2. HP: 16/16 MP: 3/3
   380 | D:1      | Reached XP level 3. HP: 16/19 MP: 4/4
   430 | D:$      | Got out of the dungeon alive.

Illustrated notes

Levels and vault maps discovered:
D:1:      psy_arrival_radial02, layout_basic
D:2:      layout_loops_cross, serial_glass, glass_columns_c, glass_columns_a,
          glass_columns_b, glass_columns_a, glass_columns_a, glass_columns_c,
          glass_columns_c, glass_columns_b, glass_columns_a, glass_columns_a,
          glass_columns_a, glass_columns_c, glass_columns_a, glass_columns_a,
          minmay_strange_pillars, kennysheep_generic_room_10
D:3:      layout_basic, serial_shops, shop, uniq_jessica,
          uniq_crazy_yiuf_cottage
D:4:      layout_cave_pools, grunt_temple_overflow_order_and_chaos_1
D:5:      layout_loops_corners, gammafunk_ghost_stat_death, uniq_pikel,
          uniq_sigmund, uniq_edmund, uniq_menkaure

Skill      XL: |  1  2 |
---------------+-------+-----
Short Blades   | 2 |  2.0
Fighting       | |  2.8
Dodging        | |  1.5
Stealth        | |  6.8

Action                     || total
---------------------------++-------
  Melee: Short sword       ||    54
         Bite              ||    14
   Stab: Sleeping          ||     5
 Armour: Leather armour    ||    11
  Dodge: Dodged            ||    39

Table legend: (Time is in decaauts)
 A = Elapsed time spent in this place.
 B = Non-inter-level travel time spent in this place.
 C = Inter-level travel time spent in this place.
 D = Time resting spent in this place.
 E = Time spent auto-exploring this place.
 F = Levels seen in this place.
 G = Mean time per level.
                   A        B        C        D        E       F      G
               +--------+--------+--------+--------+--------+-----+--------+
         Total |    423 |    423 |      0 |      0 |      0 |   5 |   84.6 |
       Dungeon |    423 |    423 |      0 |      0 |      0 |   5 |   84.6 |
               +--------+--------+--------+--------+--------+-----+--------+

Top non-repeatable levels by time:
     D:3: 150 daAuts
     D:1: 141 daAuts
     D:4: 88 daAuts
     D:2: 33 daAuts
     D:5: 10 daAuts
